Map: 环轨星港

Players

shengy - Winner!

  • Race: Zerg Zerg
  • League: Gold

NoNation

  • Race: Zerg Zerg
  • League: Silver

VOD

Have the link to the VOD?

Description

Time

  • Played on: Nov. 25, 2015, 7:56 p.m.
  • Length: 12:39
Show
View Real Time Build Order
Export as new Build Order

shengy Zerg - Winner!

Build Orders: Pool First 

Get SALT Encoding   

  12  0:01  Drone  
  13  0:22  Spawning Pool  
  13  0:25  Drone  
  13  0:29  Drone  
  14  0:37  Overlord  
  14  1:09  Zergling x6  
  17  1:21  Zergling x2  
  18  1:27  Hatchery  
  18  1:31  Queen  
  19  1:33  Zergling x2  
  20  1:45  Zergling x2  
  21  1:57  Drone  
  22  2:21  Overlord  
  21  2:24  Extractor  
  21  2:25  Drone  
  21  2:33  Zergling x2  
  21  2:35  Overlord  
  22  2:43  Drone  
  23  2:49  Drone  
  23  2:50  Drone  
  25  2:54  Drone x3  
  29  3:05  Drone x2  
  29  3:07  Queen  
  32  3:15  Drone x2  
  34  3:23  Drone  
  34  3:24  Roach Warren  
  35  3:34  Drone x4  
  35  3:40  Extractor  
  36  3:43  Queen  
  38  3:52  Overlord  
  38  3:53  Drone x4  
  40  4:10  Roach  
  40  4:11  Roach x4  
  47  4:44  Roach x2  
  51  4:55  Overlord x2  
  51  4:56  Overlord  
  51  4:59  Extractor  
  50  5:00  Extractor  
  50  5:04  Lair  
  49  5:07  Burrow  
  49  5:10  Drone x2  
  49  5:14  Drone x3  
  54  5:22  Drone x3  
  54  5:27  Drone x3  
  60  5:29  Drone  
  61  5:41  Drone x4  
  65  5:46  Drone  
  65  5:47  Baneling Nest, Drone  
  66  5:58  Roach  
  66  5:59  Evolution Chamber, Roach x2  
  66  6:00  Evolution Chamber  
  70  6:15  Roach x2  
  70  6:18  Zergling x2  
  75  6:23  Overlord x2  
  75  6:24  Overlord  
  75  6:29  Zerg Missile Weapons Level 1, Zerg Ground Armor Level 1  
  75  6:35  Overlord  
  75  6:39  Baneling x2  
  75  6:50  Spire  
  74  6:57  Zergling x10  
  79  7:04  Drone x4  
  83  7:20  Baneling  
  83  7:22  Baneling x2  
  83  7:23  Baneling x8  
  83  7:28  Hatchery  
  75  7:47  Drone x4  
  75  7:48  Drone x4  
  83  8:03  Mutalisk x3  
  83  8:04  Mutalisk x2  
  93  8:07  Mutalisk  
  93  8:09  Queen  
  95  8:14  Mutalisk  
  95  8:15  Hatchery  
  96  8:26  Zerg Missile Weapons Level 2  
  96  8:28  Mutalisk x2  
  99  8:34  Drone  
  99  8:35  Drone  
  99  8:39  Drone  
  99  8:41  Drone x2  
  99  8:56  Mutalisk x3  
  105  9:04  Spore Crawler  
  105  9:05  Spore Crawler  
  105  9:06  Spore Crawler  
  100  9:11  Spore Crawler  
  100  9:16  Spore Crawler  
  98  9:20  Extractor  
  98  9:21  Extractor  
  96  9:24  Zerg Flyer Weapons Level 1  
  88  9:39  Mutalisk x2  
  88  9:40  Mutalisk  
  92  10:05  Mutalisk x3  
  92  10:06  Mutalisk  
  100  10:22  Spore Crawler  
  100  10:27  Tunneling Claws  
  99  10:30  Overlord  
  99  10:31  Overlord x5  
  94  10:53  Mutalisk x5  
  104  10:59  Drone  
  104  11:01  Spore Crawler  
  103  11:06  Queen  
  103  11:07  Drone  
  103  11:08  Drone x4  
  110  11:21  Roach x11  
  108  11:31  Roach x11  
  92  12:09  Mutalisk  
  92  12:11  Mutalisk x9  
  92  12:18  Drone  
  92  12:19  Drone x7  
  92  12:20  Drone x8  
  92  12:21  Drone x2  
Show
View Real Time Build Order
Export as new Build Order

NoNation Zerg 

Build Orders: Pool First 

Get SALT Encoding   

  12  0:01  Drone  
  13  0:12  Overlord  
  13  0:19  Drone  
  14  0:30  Drone x2  
  16  0:37  Drone  
  17  0:44  Extractor  
  17  0:46  Drone  
  17  0:53  Spawning Pool  
  16  1:00  Drone  
  17  1:07  Drone  
  18  1:26  Hatchery  
  18  1:29  Drone  
  18  1:41  Queen  
  20  1:48  Zergling x4  
  20  1:54  Zergling x2  
  22  2:01  Overlord  
  22  2:20  Drone  
  23  2:28  Drone  
  24  2:32  Drone  
  24  2:38  Metabolic Boost  
  24  2:49  Zergling x2  
  25  2:56  Baneling Nest, Zergling x6  
  26  3:05  Zergling x2  
  26  3:10  Zergling x2  
  28  3:30  Zergling x2  
  28  3:31  Zergling x2  
  28  3:32  Overlord  
  28  3:33  Overlord  
  30  3:50  Overlord x2  
  30  4:02  Zergling x2  
  30  4:15  Zergling x2  
  30  4:16  Zergling x4  
  27  4:33  Zergling x2  
  27  4:37  Hatchery  
  27  4:40  Zergling x8  
  30  5:00  Zergling x2  
  31  5:15  Baneling  
  31  5:16  Baneling x3  
  31  5:17  Zergling x4  
  31  5:18  Zergling x6  
  34  5:51  Lair  
  34  5:56  Drone x5  
  34  5:57  Drone  
  40  6:10  Drone x2  
  42  6:13  Drone x2  
  42  6:14  Drone x2  
  42  6:15  Queen  
  48  6:23  Extractor  
  47  6:30  Drone x3  
  50  6:38  Extractor, Drone  
  50  6:40  Extractor  
  48  6:56  Drone x6  
  54  7:06  Drone, Spire  
  54  7:07  Drone  
  55  7:17  Overlord x4  
  55  7:26  Drone x3  
  45  7:52  Zergling x2  
  45  7:53  Zergling x8  
  50  8:05  Overlord  
  50  8:17  Mutalisk  
  50  8:18  Mutalisk x3  
  50  8:19  Mutalisk x2  
  62  8:21  Mutalisk  
  64  8:27  Mutalisk x2  
  64  8:28  Mutalisk  
  68  8:40  Mutalisk x4  
  75  8:47  Mutalisk  
  75  9:05  Mutalisk  
  75  9:06  Mutalisk  
  79  9:23  Mutalisk  
  81  9:29  Hatchery  
  70  9:51  Mutalisk x3  
  74  10:14  Mutalisk x3  
  80  10:26  Mutalisk  
  82  10:49  Mutalisk x3  
  84  10:54  Zergling x2  
  84  10:55  Zergling x8  
  93  10:58  Queen  
  93  11:03  Mutalisk  
  95  11:07  Zergling x2  
  98  11:11  Mutalisk  
  98  11:25  Mutalisk  
  90  11:39  Mutalisk  
  86  11:40  Mutalisk  
Tags
 
Add a new tag
Caveats
  • Supply blocks, unpowered buildings, or Contaminate may cause inaccurate times.
  • Supply counts are checked every 10 seconds.